 Dungeon Crawl Stone Soup version 0.31.0-12-g77e489cdc1 (webtiles) character file.

Game seed: 2843646998042422351

6027 Doot the Cleaver (level 11, -6/79 HPs)
             Began as a Djinni Fire Elementalist on Feb 28, 2024.
             Was a Priest of Ashenzari.
             Mangled by a komodo dragon (29 damage)
             ... on level 9 of the Dungeon.
             The game lasted 00:25:17 (9028 turns).

Doot the Cleaver (Djinni Fire Elementalist)         Turns: 9028, Time: 00:25:18

Health: -6/79      AC:  6    Str: 15    XL:     11   Next: 11%
Gold:   532        EV: 14    Int: 20    God:    Ashenzari [***...] SH:  0 Dex: 13

rFire   + + .        y - +7 consecrated labrys {holy, Valiant ^Fragile Fly SInv, Range, Melee} (curse)
rCold   x . .        (no shield)
rNeg    . . .        P - +0 troll leather armour of the Distant Augur {Regen+, Bglg, Cun} (curse)
rPois   ∞            (no helmet)
rElec   .            o - +0 cloak "Share My Free Will" {Comp, Self} (curse)
rCorr   .            i - +0 pair of gloves "Elysian Insecurity" {Melee, Comp} (curse)
SInv    +            (boots unavailable)
Will    +....        (no amulet)
Stlth   +++          s - ring of the Celestial Augurer {Str+6, Sorc, Fort} (curse)
HPRegen 1.13/turn    B - ring of willpower
MPRegen 0.00/turn

%: clarity, infuse magic (-7 HP)
@: weak-willed, flying
A: sickness immunity, fire resistance 2, cold vulnerability 1, float, innate
caster, HP casting, extra vitality 1
a: Renounce Religion, Shatter the Chains


You were on level 9 of the Dungeon.
You worshipped Ashenzari.
Ashenzari was most pleased with you.
You visited 2 branches of the dungeon, and saw 11 of its levels.

You collected 532 gold pieces.

Inventory:

Hand Weapons
 c - a +0 dagger
 l - a +1 dagger of electrocution
 p - a +2 quarterstaff of chaos
 y - the cursed +7 consecrated labrys (weapon) {holy, Valiant ^Fragile Fly SInv, Range, Melee}
   (You found it on level 4 of the Dungeon)

   Valiant:   It becomes more powerful as more dangerous foes come into view.
   SInv:      It lets you see invisible.
   Fly:       It grants you flight.
   ^Fragile:  It will be destroyed if unequipped.
   It has a curse which improves the following skills: Ranged Combat: Ranged
   Weapons and Throwing.
   Melee Combat: Short Blades, Long Blades, Axes, Maces & Flails, Polearms,
   Staves and Unarmed Combat.
 I - a +2 dagger of speed
 N - a +5 great sword
Missiles
 d - 3 throwing nets
Armour
 a - a +0 robe
 i - the cursed +0 pair of gloves "Elysian Insecurity" (worn) {Melee, Comp}
   (You found it on level 1 of the Dungeon)

   It has a curse which improves the following skills: Melee Combat: Short
   Blades, Long Blades, Axes, Maces & Flails, Polearms, Staves and Unarmed
   Combat.
   Companions: Summonings and Necromancy.
 o - the cursed +0 cloak "Share My Free Will" (worn) {Comp, Self}
   (You took it off Crazy Yiuf on level 2 of the Dungeon)

   It has a curse which improves the following skills: Companions: Summonings
   and Necromancy.
   Introspection: Fighting and Spellcasting.
 G - +0 acid dragon scales
 P - the cursed +0 troll leather armour of the Distant Augur (worn) {Regen+, Bglg, Cun}
   (You found it on level 7 of the Dungeon)

   Regen+:    It increases your rate of health regeneration.
   It has a curse which improves the following skills: Beguiling: Hexes and
   Translocations.
   Cunning:   Dodging and Stealth.
Jewellery
 s - the cursed ring of the Celestial Augurer (left hand) {Str+6, Sorc, Fort}
   (You found it on level 3 of the Dungeon)

   [ring of strength]

   Str+6:     It affects your strength (+6).
   It has a curse which improves the following skills: Sorcery: Conjurations and
   Alchemy.
   Fortitude: Armour and Shields.
 u - a ring of protection from cold
 B - a ring of willpower (right hand)
 K - a ring of willpower
 M - the ring of Attitude {Ice Fly}
   (You found it on level 7 of the Dungeon)

   [ring of ice]

   Ice:       It enhances your ice magic.
   rF-:       It makes you vulnerable to fire.
   rC+:       It protects you from cold.
   Fly:       It grants you flight.
 Q - a ring of wizardry
Talismans
 b - a flux talisman
Wands
 m - a wand of acid (9)
 n - a wand of polymorph (5)
 F - a wand of roots (12)
 O - a wand of mindburst (11)
Scrolls
 g - 2 scrolls of poison
 h - a scroll of brand weapon
 k - 8 scrolls of identify
 q - a scroll of amnesia
 r - a scroll of fear
 t - 3 scrolls of enchant armour
 w - a scroll of teleportation
 x - 2 scrolls of revelation
 C - a scroll of blinking
 E - 4 scrolls of enchant weapon
 H - a scroll of torment
 J - 3 scrolls of fog
 R - a scroll of vulnerability
Potions
 e - 2 potions of degeneration
 f - 2 potions of enlightenment
 j - 2 potions of magic
 v - 3 potions of lignification
 z - a potion of might
 A - 2 potions of curing
 D - 2 potions of attraction
 L - a potion of berserk rage


   Skills:
 + Level 6.0(7.5) Fighting
 + Level 1.5(3.1) Short Blades
 + Level 8.8(11.0) Axes
 + Level 4.2(5.6) Armour
 + Level 5.8(7.3) Dodging
 + Level 5.0(6.5) Stealth
 * Level 5.3(6.7) Spellcasting
 * Level 5.3(6.7) Conjurations
 * Level 5.3(6.7) Hexes
 * Level 5.3(7.5) Summonings
 * Level 5.3(7.5) Necromancy
 * Level 5.3(6.7) Translocations
 * Level 5.3 Fire Magic
 * Level 5.3 Ice Magic
 * Level 5.3 Air Magic
 * Level 5.3 Earth Magic
 * Level 5.3(6.7) Alchemy


You knew the following spells:

 Your Spells              Type           Power      Damage    Failure   Level
a - Foxfire               Conj/Fire      100%       2x1d9     1%          1
b - Scorch                Fire           56%        2d7       1%          2
c - Volatile Blastmotes   Fire/Tloc      60%        2d15      3%          3
d - Inner Flame           Hex/Fire       30%        N/A       3%          3
e - Flame Wave            Conj/Fire      30%        2d9       10%         4
f - Freeze                Ice            100%       1d10      1%          1
g - Jinxbite              Hex            66%        N/A       1%          2
h - Lesser Beckoning      Tloc           66%        N/A       1%          2
i - Call Canine Familiar  Summ           36%        N/A       1%          3
j - Brom's Barrelling Bo  Conj/Erth      30%        2d5       10%         4
Your spell library was empty.

Dungeon Overview and Level Annotations

Branches:
Dungeon (10/15)            Temple (1/1) D:5
   Lair: D:8-11         Orc: D:9-12

Altars:
Ashenzari
Cheibriados
Dithmenos
Elyvilon
Fedhas
Gozag
Hepliaklqana
Makhleb
Nemelex Xobeh
Okawaru
Qazlal
Ru
Trog
Uskayaw
Wu Jian
Xom
Yredelemnul
Zin
The Shining One

Shops:
D:3 !

Annotations:
D:3 1 runed translucent door, TangoThomas's ghost, weakling DsHs


Innate Abilities, Weirdness & Mutations

You are immune to sickness and miasma.
You are immune to poison.
Your flesh is very heat resistant. (rF++)
You are vulnerable to cold. (rC-)
You float through the air rather than walking.
You learn spells naturally, not from books.
Your magical power is your life essence.
You have superior vitality. (+4 MHP)


Message History

The komodo dragon is severely wounded.
Your boulder crumbles as it rolls away.
The komodo dragon misses you. The hound closely misses you.
You hit the komodo dragon.
The komodo dragon is almost dead.
You hit the hound.
A giggling sprite leaps out and makes the hound trip over its own paws.
The hound is almost dead.
The hound closely misses you. The komodo dragon misses you.
A gnoll comes into view. It is wielding a +0 club.
You completely miss the hound.
The hound is almost dead.
You barely miss the komodo dragon.
A giggling sprite leaps out and makes the hound trip over its own paws.
You kill the hound!
The komodo dragon bites you!
Unknown command.
Unknown command.
You hit the komodo dragon.
The komodo dragon is almost dead.
The komodo dragon seems less drained.
The komodo dragon completely misses you.
The gnoll hits you from afar with a +0 spear!
Unknown command.
You hit the komodo dragon.
The komodo dragon is almost dead.
The komodo dragon bites you!!
* * * LOW HITPOINT WARNING * * *
The gnoll hits you from afar with a +0 spear.
* * * LOW HITPOINT WARNING * * *
You can't go down here!
The jinxing sprites lose interest in you.
The komodo dragon barely misses you. The gnoll closely misses you.
You fly upwards.
There is a stone staircase leading down here.
Unknown command.
You barely miss the komodo dragon.
The komodo dragon is almost dead.
The komodo dragon misses you. The komodo dragon bites you!!
You die...

#.#####.## #.##..###.##....
##.##..## #.###...#.......
#....## #.# ###......~~~ #.>.##
#.# ##...~~≈≈≈ # ####....## #.##
##..~~≈≈≈≈ ####........# #..#
##..~~≈≈≈~~ ............##
##..###...≈≈~~...
#...##...#...####........~≈≈~...♣
#..###...##....l@........~≈≈~>._.
#..###................##.~≈≈~P.PP
....###...............##..~≈≈~♣..
.....#.................##.~~≈≈≈~~
###..............####..##..~≈≈≈~≈
##...........### #.......~≈~≈≈
#....###.....# ##........≈~≈
#....####....## ##..####......
##.....####....###..## ##..##.


You could see a komodo dragon.

Vanquished Creatures
  Amaemon (D:9)
  Joseph (D:9)
  An orange demon (D:9)
  Maggie (D:6)
  A troll (D:7)
  A shadow (D:9)
  Sigmund (D:6)
  3 wyverns (D:9)
  A steam dragon (D:7)
  An acid dragon (D:8)
  2 water moccasins
  3 orc warriors
  A hornet zombie (D:7)
  An ogre (D:5)
  7 kobold brigands
  A gnoll sergeant (D:9)
  A scorpion (D:6)
  5 bullfrogs
  A water moccasin zombie (D:7)
  11 wights
  2 centaur zombies (D:7)
  2 howler monkeys
  A bombardier beetle (D:4)
  3 bullfrog zombies (D:7)
  A jelly (D:5)
  3 orc priests
  A gnoll bouda (D:6)
  5 hounds
  Crazy Yiuf (D:2)
  3 iguanas
  Natasha (thrice) (D:2)
  An orc wizard (D:7)
  A killer bee zombie (D:7)
  2 howler monkey zombies (D:7)
  20 gnolls
  6 adders
  3 shadow imps
  A white imp (D:6)
  A ribbon worm (D:2)
  3 dart slugs
  27 orcs
  4 ball pythons
  9 endoplasms
  3 giant cockroaches (D:1)
  5 goblins
  7 hobgoblins
  32 kobolds
  A quokka (D:1)
  5 bats
  4 frilled lizards
  A rat (D:2)
206 creatures vanquished.

Vanquished Creatures (collateral kills)
  A gnoll (D:9)
  A foxfire (D:9)
2 creatures vanquished.

Vanquished Creatures (others)
  A boulder (D:10)
  184 foxfires
185 creatures vanquished.

Grand Total: 393 creatures vanquished

Notes
Turn   | Place    | Note
-------+----------+-------------------------------------------
     0 | D:1      | Doot the Djinni Fire Elementalist began the quest for the
                  | Orb.
     0 | D:1      | Doot set off with the following spells memorised: Foxfire,
                  | Scorch, Volatile Blastmotes, Inner Flame, Flame Wave.
     0 | D:1      | Reached XP level 1. HP: 15/15 MP: 0/0
   156 | D:1      | Reached XP level 2. HP: 19/21 MP: 0/0
   570 | D:1      | Reached XP level 3. HP: 23/25 MP: 0/0
   570 | D:1      | Learned a level 1 spell: Freeze
   958 | D:2      | Reached XP level 4. HP: 28/31 MP: 0/0
  1058 | D:2      | Noticed Natasha
  1066 | D:2      | Killed Natasha
  1300 | D:2      | Reached XP level 5. HP: 31/36 MP: 0/0
  1300 | D:2      | Learned a level 2 spell: Jinxbite
  1322 | D:2      | Noticed Natasha
  1328 | D:2      | Killed Natasha
  1341 | D:2      | Noticed Natasha
  1344 | D:2      | Killed Natasha
  1425 | D:2      | Found a runed translucent door.
  1426 | D:2      | Noticed Crazy Yiuf
  1653 | D:2      | Killed Crazy Yiuf
  1792 | D:3      | Reached XP level 6. HP: 39/41 MP: 0/0
  1816 | D:3      | Found a runed translucent door.
  1891 | D:3      | Found Wexer's Distillery.
  1959 | D:3      | Found an iron altar of Okawaru.
  2384 | D:3      | Noticed TangoThomas's ghost (weakling DsHs)
  2524 | D:3      | Found a sparkling altar of Nemelex Xobeh.
  2660 | D:4      | Found a basalt altar of Yredelemnul.
  2773 | D:4      | Found the +4 consecrated labrys {holy, Valiant ^Fragile Fly
                  | SInv}
  2866 | D:4      | Reached skill level 1 in Fighting
  2866 | D:4      | Reached skill level 1 in Short Blades
  3078 | D:4      | Found a sacrificial altar of Ru.
  3168 | D:4      | Reached XP level 7. HP: 40/47 MP: 0/0
  3168 | D:4      | Learned a level 2 spell: Lesser Beckoning
  3674 | D:5      | Entered Level 5 of the Dungeon
  3691 | D:5      | Reached skill level 1 in Axes
  3789 | D:5      | Reached skill level 2 in Axes
  4146 | D:5      | Found a staircase to the Ecumenical Temple.
  4230 | Temple   | Entered the Ecumenical Temple
  4261 | Temple   | Became a worshipper of Ashenzari the Shackled
  4314 | D:6      | Reached skill level 3 in Axes
  4314 | D:6      | Reached XP level 8. HP: 44/54 MP: 0/0
  4387 | D:6      | Noticed Maggie
  4396 | D:6      | Killed Maggie
  4397 | D:6      | Reached skill level 4 in Axes
  4752 | D:6      | HP: 1/56 [gnoll/+0 club[a gnoll bouda] (7)]
  4869 | D:6      | Reached skill level 1 in Armour
  5009 | D:6      | Noticed Sigmund
  5043 | D:6      | Killed Sigmund
  5044 | D:6      | Reached skill level 5 in Axes
  5044 | D:6      | Reached XP level 9. HP: 48/61 MP: 0/0
  5044 | D:6      | Learned a level 3 spell: Call Canine Familiar
  5588 | D:6      | Found a hide-covered altar of Uskayaw.
  6130 | D:7      | Identified the ring of Attitude {Ice Fly}
  6139 | D:7      | Reached skill level 5 in Dodging
  6154 | D:7      | Reached skill level 6 in Axes
  6277 | D:7      | Noticed a troll
  6287 | D:7      | Killed a troll
  6462 | D:7      | Found a stormy altar of Qazlal.
  6462 | D:7      | Found a shadowy altar of Dithmenos.
  6751 | D:7      | Reached * piety under Ashenzari
  6844 | D:7      | Reached XP level 10. HP: 58/69 MP: 0/0
  6895 | D:7      | Reached skill level 7 in Axes
  6970 | D:7      | Identified Vehumet's Incunable of Impulse
  7046 | D:8      | HP: 1/69 [acid dragon (4)]
  7292 | D:8      | Reached skill level 5 in Fighting
  7303 | D:8      | Reached ** piety under Ashenzari
  7608 | D:8      | Found a glowing silver altar of Zin.
  7642 | D:9      | Noticed Joseph
  7649 | D:9      | Killed Joseph
  7650 | D:9      | Reached skill level 8 in Axes
  7927 | D:9      | Reached *** piety under Ashenzari
  8098 | D:9      | Found a blossoming altar of Fedhas.
  8124 | D:9      | Noticed Amaemon
  8124 | D:9      | Noticed an orange demon
  8148 | D:9      | Killed an orange demon
  8149 | D:9      | Reached skill level 5 in Spellcasting
  8149 | D:9      | Reached skill level 5 in Conjurations
  8149 | D:9      | Reached skill level 5 in Hexes
  8149 | D:9      | Reached skill level 5 in Summonings
  8149 | D:9      | Reached skill level 5 in Necromancy
  8149 | D:9      | Reached skill level 5 in Translocations
  8149 | D:9      | Reached skill level 5 in Fire Magic
  8149 | D:9      | Reached skill level 5 in Ice Magic
  8149 | D:9      | Reached skill level 5 in Air Magic
  8149 | D:9      | Reached skill level 5 in Earth Magic
  8149 | D:9      | Reached skill level 5 in Alchemy
  8285 | D:9      | Reached skill level 5 in Stealth
  8285 | D:9      | Reached XP level 11. HP: 79/79 MP: 0/0
  8285 | D:9      | Learned a level 4 spell: Brom's Barrelling Boulder
  8685 | D:9      | Killed Amaemon
  8954 | D:10     | Entered Level 10 of the Dungeon
  9028 | D:9      | Mangled by a komodo dragon

Illustrated notes

Levels and vault maps discovered:
D:1:      minmay_arrival_open_corners, layout_loops_ring,
          kennysheep_decorative_pillar
D:2:      layout_rooms, corexii_item_surrounded_by_moat,
          wander_ebering_terrifying_dragon_lair, uniq_crazy_yiuf_cottage,
          uniq_natasha
D:3:      layout_loops_ring, nemelex_dance_club_becter,
          lemuel_coloured_pillars_altar, ebering_ghost_sewer_d, serial_shops,
          nicolae_diamond_shop
D:4:      layout_loops_corners, nicolae_ru_awakened_eye,
          mainiacjoe_overflow_chevrons, chequers_serial_rivers_micro_a,
          corexii_shack, minivault_4, st_stairs_4, minmay_hedge_maze,
          grunt_ministairs_1
D:5:      layout_basic, minmay_temple_entry_proselytizer,
          kennysheep_generic_room_14
D:6:      kb_forest_paths, layout_loops_ring, mainiacjoe_overflow_boulevard,
          uniq_maggie, uniq_sigmund
D:7:      layout_basic, grunt_temple_overflow_magic_moments,
          gammafunk_temple_overflow_pools, serial_undead, serial_undead_f,
          serial_undead_f, serial_undead_e, serial_undead_a, serial_undead_b,
          serial_undead_a, hangedman_abyss_or_decor_stagger
D:8:      layout_basic, mainiacjoe_overflow_alcove_2
D:9:      layout_layer_cave, fedhas_ov_isle_minmay, uniq_joseph, uniq_amaemon
D:10:     layout_big_octagon, enter_bailey_5, serial_gnoll_camp,
          gnoll_camp_mini_basic, gnoll_camp_mini_basic, gnoll_camp_mini_basic,
          gnoll_camp_huts_basic, gnoll_camp_mini_basic
Temple:   nicolae_temple_two_arcs

Skill      XL: |  1  2  3  4  5  6  7  8  9 10 11 |
---------------+----------------------------------+-----
Stealth        | 2 3 4 5 |  5.0
Dodging        | 3 4 5 |  5.8
Fighting       | 1 2 3 4 5 6 |  6.0
Short Blades   | 1 |  1.5
Axes           | 3 5 6 8 |  8.8
Armour         | 1 3 4 |  4.2
Spellcasting   | 4 5 |  5.3
Conjurations   | 4 5 |  5.3
Hexes          | 4 5 |  5.3
Summonings     | 4 5 |  5.3
Necromancy     | 4 5 |  5.3
Translocations | 4 5 |  5.3
Fire Magic     | 4 5 |  5.3
Ice Magic      | 4 5 |  5.3
Air Magic      | 4 5 |  5.3
Earth Magic    | 4 5 |  5.3
Alchemy        | 4 5 |  5.3

Action                     |  1- 3 |  4- 6 |  7- 9 | 10-12 || total
---------------------------+-------+-------+-------+-------++-------
  Melee: Unarmed           |     1 |       |       |       ||     1
         Dagger            |     2 |    16 |       |       ||    18
         Labrys            |       |     9 |   152 |   135 ||   296
         Punch             |       |       |     1 |     1 ||     2
   Cast: Foxfire           |    41 |    26 |    28 |     5 ||   100
         Scorch            |    10 |    25 |    25 |    10 ||    70
         Volatile Blastmot |       |     4 |     1 |     1 ||     6
         Jinxbite          |       |       |    14 |     7 ||    21
         Flame Wave        |       |       |     2 |     1 ||     3
         Call Canine Famil |       |       |     1 |     1 ||     2
         Inner Flame       |       |       |       |     1 ||     1
         Brom's Barrelling |       |       |       |     2 ||     2
 Invoke: Curse Item        |       |       |     2 |     3 ||     5
    Use: Potion            |       |       |       |     2 ||     2
   Stab: Sleeping          |     2 |     4 |     3 |     2 ||    11
 Armour: Robe              |    31 |    23 |    19 |       ||    73
         Acid dragon scale |       |       |    79 |       ||    79
         Troll leather arm |       |       |    41 |   110 ||   151
  Dodge: Dodged            |    31 |    15 |   179 |   104 ||   329
